 Dungeon Crawl Stone Soup version 0.29-a0-294-g83ea962da3 (webtiles) character file.

Game seed: 14090995986386387490

112 kae the Firebug (level 4, -4/24 HPs)
             Began as a Tengu Fire Elementalist on Mar 18, 2022.
             Killed from afar by a white imp (7 damage)
             ... with a puff of frost
             ... on level 3 of the Dungeon.
             The game lasted 00:01:45 (3088 turns).

kae the Firebug (Tengu Fire Elementalist)           Turns: 3088, Time: 00:01:46

Health: -4/24      AC:  2    Str:  8    XL:     4   Next: 95%
Magic:  6/9        EV: 12    Int: 17    God:
Gold:   115        SH:  0    Dex: 15    Spells: 7/8 levels left

rFire   . . .      SeeInvis .   (no weapon)
rCold   . . .      Faith    .   (no shield)
rNeg    . . .      Spirit   .   a - +0 robe
rPois   .          Reflect  .   (helmet restricted)
rElec   .          Harm     .   (no cloak)
rCorr   .          Rampage  .   (no gloves)
Will    .....                   (boots unavailable)
Stlth   ++........              (no amulet)
HPRegen 0.08/turn               (no ring)
MPRegen 0.11/turn               (no ring)

@: no status effects
A: beak, talons 3
a: no special abilities


You were on level 3 of the Dungeon.
You visited 1 branch of the dungeon, and saw 3 of its levels.

You collected 115 gold pieces.

Inventory:

Armour
 a - a +0 robe (worn)
Wands
 e - a wand of iceblast (8)
Scrolls
 c - 2 scrolls of fear
 f - a scroll of brand weapon {unknown}
 g - a scroll of teleportation
 i - 2 scrolls of identify
Potions
 b - a potion of magic
 d - 3 potions of curing
 h - a potion of might


   Skills:
 - Level 2.1 Dodging
 - Level 2.0 Stealth
 + Level 2.8 Spellcasting
 + Level 3.1 Conjurations
 * Level 4.9 Fire Magic


You had 7 spell levels left.
You knew the following spells:

 Your Spells              Type           Power      Damage    Failure   Level
a - Foxfire               Conj/Fire      64%        2x1d7     3%          1

Your spell library contained the following spells:

 Spells                   Type           Power      Damage    Failure   Level
 Scorch                   Fire           38%        2d6       3%          2
 Conjure Flame            Conj/Fire      16%        6-21      11%         3
 Inner Flame              Hex/Fire       10%        N/A       21%         3
 Flame Wave               Conj/Fire      16%        2d6       34%         4


Dungeon Overview and Level Annotations

Branches:
Dungeon (3/15)

Altars:

Shops:
D:2 :


Innate Abilities, Weirdness & Mutations

You have a beak for a mouth.
You have claws for feet.


Message History

Things that are here:
a +0 dagger; a goblin corpse You open the door.
You open the door.
There is an open door here.
There is an open door here.
A white imp comes into view.
A white imp is nearby!
A white imp is nearby!
A white imp is nearby!
Casting: Foxfire (safe; 3% risk of failure)
Confirm with . or Enter, or press ? or * to list all spells.
You conjure some foxfire!
The foxfire hits the white imp but does no damage.
The foxfire hits the white imp.
The white imp is lightly wounded.
The white imp gestures at you. The puff of frost hits you!
Casting: Foxfire (safe; 3% risk of failure)
Confirm with . or Enter, or press ? or * to list all spells.
You conjure some foxfire!
The foxfire hits the white imp but does no damage.
The white imp is lightly wounded.
The foxfire hits the white imp but does no damage.
The white imp is lightly wounded.
The white imp barely misses you.
Casting: Foxfire (safe; 3% risk of failure)
Confirm with . or Enter, or press ? or * to list all spells.
You conjure some foxfire!
The white imp gestures at you. The puff of frost hits you!
Ouch! That really hurt!
* * * LOW HITPOINT WARNING * * *
The foxfire hits the white imp.
The white imp is burned terribly!
The white imp is heavily wounded.
The foxfire hits the white imp.
The white imp is burned terribly!
The white imp is almost dead.
The white imp gestures at you. The puff of frost hits you!
You die...

#.##.# #.##.# #. .#
#.##.# . .#
#######.##.####.#.######
....[...)........>......
####.##.#.######........
#.##........+.......
####.####..#####...##...
................@5.....#
####.####..##########..#
......# #..#
####..###..# #
#..#....###### #
#..#.##.##...# ##
#..#.##.##...# .#
#..#.##.##...# .#
#..#.##.##...#####


You could see a white imp.

Vanquished Creatures
  Jessica (D:3)
  3 adders
  2 worms (D:2)
  2 dart slugs
  2 orcs
  3 endoplasms
  3 giant cockroaches
  2 hobgoblins (D:1)
  8 ball pythons
  6 bats
  3 frilled lizards
  5 goblins
  4 kobolds
  7 rats
51 creatures vanquished.

Vanquished Creatures (others)
  220 foxfires
  5 withered plants (D:3)
225 creatures vanquished.

Grand Total: 276 creatures vanquished

Notes
Turn   | Place    | Note
-------+----------+-------------------------------------------
     0 | D:1      | kae the Tengu Fire Elementalist began the quest for the
                  | Orb.
     0 | D:1      | Reached XP level 1. HP: 10/10 MP: 4/4
   315 | D:1      | Reached XP level 2. HP: 15/15 MP: 1/6
   991 | D:1      | Reached skill level 4 in Fire Magic
   991 | D:1      | Reached XP level 3. HP: 19/19 MP: 4/7
  1624 | D:2      | Found Tuecluz's Book Emporium.
  2349 | D:2      | Reached XP level 4. HP: 16/24 MP: 5/8
  2888 | D:3      | Noticed Jessica
  2896 | D:3      | Killed Jessica
  3088 | D:3      | Killed from afar by a white imp

Illustrated notes

Levels and vault maps discovered:
D:1:      amcnicky_arrival_single_pillar, layout_basic, item_on_display_a
D:2:      layout_basic, serial_shops, shop_statue
D:3:      layout_basic, ebering_ecumenical_altar_petrified, uniq_jessica

Skill      XL: |  1  2  3  4 |
---------------+-------------+-----
Conjurations   | 2 3 |  3.1
Fire Magic     | 4 |  4.9
Dodging        | |  2.1
Stealth        | |  2.0
Spellcasting   | |  2.8

Action                   |  1- 3 |  4- 6 || total
-------------------------+-------+-------++-------
Melee: Unarmed           |    22 |       ||    22
       Peck              |     3 |       ||     3
       Kick              |     3 |       ||     3
 Cast: Foxfire           |    98 |    30 ||   128
  Use: Scroll            |     6 |     1 ||     7
Armor: Robe              |     9 |     3 ||    12
Dodge: Dodged            |    31 |    13 ||    44

Table legend: (Time is in decaauts)
 A = Elapsed time spent in this place.
 B = Non-inter-level travel time spent in this place.
 C = Inter-level travel time spent in this place.
 D = Time resting spent in this place.
 E = Time spent auto-exploring this place.
 F = Levels seen in this place.
 G = Mean time per level.
                   A        B        C        D        E       F      G
               +--------+--------+--------+--------+--------+-----+--------+
         Total |   3087 |   3002 |     85 |    459 |   2118 |   3 | 1029.0 |
       Dungeon |   3087 |   3002 |     85 |    459 |   2118 |   3 | 1029.0 |
               +--------+--------+--------+--------+--------+-----+--------+

Top non-repeatable levels by time:
     D:2: 1568 daAuts
     D:1: 1093 daAuts
     D:3: 425 daAuts
